 Dungeon Crawl Stone Soup version 0.29.0-4-gdea44cf6ec (webtiles) character file.

Game seed: 11000941488214203997

305 qw the Chopper (level 6, -2/35 HPs)
             Began as a Tengu Warper on Aug 28, 2022.
             Slain by a water moccasin (3 damage)
             ... on level 4 of the Dungeon.
             The game lasted 00:00:23 (4857 turns).

qw the Chopper (Tengu Warper)                       Turns: 4857, Time: 00:00:24

Health: -2/35      AC:  8    Str: 13    XL:     6   Next: 39%
Magic:  10/10      EV: 14    Int: 13    God:
Gold:   122        SH:  4    Dex: 14    Spells: 9/9 levels left

rFire   . . .      SeeInvis .   Y - +0 hand axe
rCold   . . .      Faith    .   r - +0 buckler
rNeg    . . .      Spirit   .   q - +0 scale mail
rPois   .          Reflect  .   (helmet restricted)
rElec   .          Harm     .   (no cloak)
rCorr   .          Rampage  .   d - +1 pair of gloves
Will    .....                   (boots unavailable)
Stlth   ..........              (no amulet)
HPRegen 0.11/turn               c - +4 ring of evasion
MPRegen 0.12/turn               (no ring)

@: lethally poisoned (-2 -> -9), flying quickly and evasively, quick
A: beak, talons 3, nimble flight
a: no special abilities


You were on level 4 of the Dungeon.
You visited 1 branch of the dungeon, and saw 4 of its levels.

You collected 122 gold pieces.


Innate Abilities, Weirdness & Mutations

You have a beak for a mouth.
You have claws for feet.
Your magical nature lets you fly swiftly and evasively.


   Skills:
 + Level 2.1 Fighting
 - Level 7.0 Axes
 - Level 1.0 Throwing
 - Level 1.1 Armour
 - Level 2.1 Dodging
 - Level 1.1 Shields
 - Level 2.0 Spellcasting
 - Level 2.4 Translocations


You had 9 spell levels left.
You didn't know any spells.
Your spell library contained the following spells:

 Spells                   Type           Power      Damage    Failure   Level
 Blink                    Tloc           14%        N/A       67%         2
 Gell's Gravitas          Tloc           7%         N/A       88%         3
 Lesser Beckoning         Tloc           7%         N/A       88%         3
 Teleport Other           Tloc           7%         N/A       88%         3
 Manifold Assault         Tloc           7%         N/A       100%        5

Inventory:

Hand Weapons
 t - a +0 flail
 Y - a +0 hand axe (weapon)
Missiles
 p - 7 boomerangs (quivered)
Armour
 d - a +1 pair of gloves (worn)
 q - a +0 scale mail (worn)
 r - a +0 buckler (worn)
Jewellery
 c - a +4 ring of evasion (left hand)
 h - a ring of ice
Scrolls
 a - a scroll of identify
Potions
 f - a potion of haste {unknown}
 i - a potion of heal wounds {unknown}
 k - a potion of cancellation {unknown}
 l - a potion of resistance
 m - a potion of curing
 n - a potion of mutation {unknown}

Dungeon Overview and Level Annotations

Branches:
Dungeon (4/15)
 Temple: D:4-7

Altars:
Elyvilon
Uskayaw


Message History

You start resting.
You start to feel less resistant.
Your resistance to elements expires.
A water moccasin is nearby!
Throw: 7 boomerangs
Press: ? - help, Q - select action Shift-Dir - straight line, f - water moccasin You throw a boomerang.
The boomerang hits the water moccasin but does no damage.
The water moccasin is moderately wounded.
Throw: 7 boomerangs
Press: ? - help, Q - select action Shift-Dir - straight line, f/p - water moccasin You throw a boomerang.
The boomerang barely misses the water moccasin.
Throw: 7 boomerangs
Press: ? - help, Q - select action Shift-Dir - straight line, f/p - water moccasin You throw a boomerang.
The boomerang misses the water moccasin.
You slash the water moccasin! You claw the water moccasin.
The water moccasin is severely wounded.
The water moccasin bites you but does no damage.
You barely miss the water moccasin. You claw the water moccasin.
You peck the water moccasin, but do no damage.
The water moccasin is almost dead.
The water moccasin bites you.
You are lethally poisoned!
The water moccasin poisons you! The water moccasin closely misses you.
You completely miss the water moccasin.
The water moccasin is almost dead.
You feel very sick. The water moccasin misses you.
You hit the water moccasin but do no damage.
Your kick misses the water moccasin.
The water moccasin is almost dead.
You feel sick. You block the water moccasin's attack.
You closely miss the water moccasin. Your kick misses the water moccasin.
The water moccasin is almost dead.
You feel very sick.
The water moccasin bites you but does no damage.
The water moccasin bites you.
You die...

##.. ...
##.#+##########
..#
......S@......#
..#
..............#
..#
..............#
..#
..............#
..#
..............#
..#
#..#+##########
#.## ##. .... .
#.##


You could see a water moccasin.

Vanquished Creatures
  A phantom (D:3)
  An orc priest (D:4)
  Natasha (D:2)
  An orc wizard (D:3)
  A scorpion simulacrum (D:3)
  A hound skeleton (D:3)
  A howler monkey zombie (D:3)
  2 adders (D:2)
  An adder skeleton (D:3)
  A worm (D:2)
  2 dart slugs (D:3)
  9 orcs (D:3)
  2 bats (D:1)
  7 endoplasms
  2 giant cockroaches
  6 goblins
  6 hobgoblins
  11 jackals
  5 kobolds
  4 quokkas
  2 ball pythons (D:3)
  A ball python zombie (D:3)
  4 frilled lizards
  5 rats
  A spectral giant cockroach (D:3)
78 creatures vanquished.

Vanquished Creatures (others)
  9 withered plants (D:3)
9 creatures vanquished.

Grand Total: 87 creatures vanquished

Notes
Turn   | Place    | Note
-------+----------+-------------------------------------------
     0 | D:1      | qw the Tengu Warper began the quest for the Orb.
     0 | D:1      | Reached XP level 1. HP: 12/12 MP: 4/4
     0 | D:1      | 0 ||| qw: Version: 0.1-a-89-g26bdef1
     0 | D:1      | 0 ||| qw: Game counter: 3180
     0 | D:1      | 0 ||| qw: Always use a shield: true
     0 | D:1      | 0 ||| qw: God list: Okawaru
     0 | D:1      | 0 ||| qw: Allow faded altars: false
     0 | D:1      | 0 ||| qw: Do Orc after D:15 true
     0 | D:1      | 0 ||| qw: Do second Lair branch before Depths: true
     0 | D:1      | 0 ||| qw: Lair rune preference: random
     0 | D:1      | 0 ||| qw: Plans: Normal
     0 | D:1      | 0 ||| PLANNING D:1-11
   308 | D:1      | Found a faded altar of an unknown god.
   745 | D:1      | Reached skill level 3 in Axes
   745 | D:1      | Reached XP level 2. HP: 12/17 MP: 6/6
   752 | D:1      | 752 ||| Stepping ~*~*~tactically~*~*~ (stealth).
   757 | D:1      | 757 ||| Stepping ~*~*~tactically~*~*~ (stealth).
   759 | D:1      | 759 ||| Stepping ~*~*~tactically~*~*~ (stealth).
   785 | D:1      | 785 ||| Stepping ~*~*~tactically~*~*~ (stealth).
  1198 | D:1      | Reached XP level 3. HP: 13/21 MP: 7/7
  1454 | D:1      | 1454 ||| READING scroll labelled QEIGUN ZIRES.
  1455 | D:1      | 1455 ||| DROPPING scroll of blinking.
  1483 | D:2      | HP: 5/21 [worm (6)]
  1778 | D:2      | Reached skill level 4 in Axes
  1786 | D:2      | 1786 ||| DROPPING +0 club.
  2429 | D:2      | Noticed Natasha
  2432 | D:2      | HP: 5/21 [Natasha (7)]
  2433 | D:2      | Reached XP level 4. HP: 7/26 MP: 8/8
  2438 | D:2      | Killed Natasha
  2439 | D:2      | Reached skill level 5 in Axes
  2518 | D:2      | 2518 ||| FLEEEEING.
  2529 | D:2      | 2529 ||| FLEEEEING.
  2530 | D:2      | 2530 ||| FLEEEEING.
  2531 | D:2      | 2531 ||| FLEEEEING.
  2532 | D:2      | 2532 ||| FLEEEEING.
  2533 | D:2      | 2533 ||| FLEEEEING.
  2534 | D:2      | 2534 ||| FLEEEEING.
  2535 | D:2      | 2535 ||| FLEEEEING.
  2536 | D:2      | 2536 ||| FLEEEEING.
  2537 | D:2      | 2537 ||| FLEEEEING.
  2538 | D:2      | 2538 ||| FLEEEEING.
  2539 | D:2      | 2539 ||| FLEEEEING.
  2540 | D:2      | 2540 ||| FLEEEEING.
  2541 | D:2      | 2541 ||| FLEEEEING.
  2542 | D:2      | 2542 ||| FLEEEEING.
  2543 | D:2      | 2543 ||| FLEEEEING.
  2544 | D:2      | 2544 ||| FLEEEEING.
  2551 | D:2      | 2551 ||| FLEEEEING.
  2552 | D:2      | 2552 ||| FLEEEEING.
  2553 | D:2      | 2553 ||| STAIRDANCE
  2667 | D:1      | 2667 ||| UPGRADING to +4 ring of evasion.
  2668 | D:1      | 2668 ||| READING scroll labelled KUNOFA LIAGOA.
  2669 | D:1      | 2669 ||| DRINKING 2 smoky green potions.
  2670 | D:1      | 2670 ||| DROPPING potion of brilliance.
  2749 | D:2      | 2749 ||| Stepping ~*~*~tactically~*~*~ (stealth).
  2871 | D:2      | Found a white marble altar of Elyvilon.
  3045 | D:2      | 3045 ||| UPGRADING to +0 pair of gloves.
  3050 | D:2      | 3050 ||| READING 3 scrolls labelled CAPHIALYGA.
  3151 | D:3      | Noticed a phantom
  3171 | D:3      | HP: 6/26 [phantom (6)]
  3172 | D:3      | 3172 ||| READING 2 scrolls of teleportation.
  3174 | D:3      | Killed a phantom
  3175 | D:3      | Reached skill level 6 in Axes
  3175 | D:3      | Gained mutation: Your magical nature lets you fly swiftly
                  | and evasively. [Tengu growth]
  3175 | D:3      | Reached XP level 5. HP: 4/30 MP: 9/9
  3451 | D:3      | 3451 ||| Stepping ~*~*~tactically~*~*~ (stealth).
  3529 | D:3      | 3529 ||| Stepping ~*~*~tactically~*~*~ (stealth).
  3664 | D:3      | 3664 ||| Stepping ~*~*~tactically~*~*~ (stealth).
  3711 | D:3      | 3711 ||| Stepping ~*~*~tactically~*~*~ (hiding).
  3713 | D:3      | 3713 ||| Stepping ~*~*~tactically~*~*~ (hiding).
  3714 | D:3      | 3714 ||| Stepping ~*~*~tactically~*~*~ (hiding).
  3931 | D:3      | 3931 ||| Stepping ~*~*~tactically~*~*~ (stealth).
  3990 | D:3      | Reached XP level 6. HP: 30/35 MP: 10/10
  4132 | D:3      | 4132 ||| DROPPING +0 whip.
  4135 | D:3      | Found a hide-covered altar of Uskayaw.
  4168 | D:3      | Found the +4 dagger "Morg" {pain, Will+ Int+5}
  4182 | D:3      | 4182 ||| Stepping ~*~*~tactically~*~*~ (stealth).
  4184 | D:3      | 4184 ||| Stepping ~*~*~tactically~*~*~ (stealth).
  4186 | D:3      | 4186 ||| Stepping ~*~*~tactically~*~*~ (stealth).
  4226 | D:3      | Reached skill level 7 in Axes
  4506 | D:3      | 4506 ||| Stepping ~*~*~tactically~*~*~ (hiding).
  4509 | D:3      | 4509 ||| Stepping ~*~*~tactically~*~*~ (hiding).
  4724 | D:3      | 4724 ||| UPGRADING to +0 scale mail.
  4734 | D:3      | 4734 ||| DROPPING +0 leather armour.
  4735 | D:3      | 4735 ||| UPGRADING to +0 buckler.
  4740 | D:3      | 4740 ||| READING scroll labelled RYGIGYDDAOTIO.
  4741 | D:3      | 4741 ||| READING scroll labelled GUDONW KYCRAYNT.
  4742 | D:3      | 4742 ||| READING scroll labelled COCYISTRUICW.
  4743 | D:3      | 4743 ||| READING scroll labelled RIFEOD DUQOQA.
  4744 | D:3      | 4744 ||| DRINKING 2 red potions.
  4745 | D:3      | 4745 ||| DRINKING 2 lumpy orange potions.
  4746 | D:3      | 4746 ||| READING 2 scrolls of identify.
  4746 | D:3      | 4746 ||| IDENTIFYING sedimented orange potion
  4747 | D:3      | 4747 ||| DROPPING potion of lignification.
  4763 | D:4      | 4763 ||| READING scroll of enchant armour.
  4763 | D:4      | 4763 ||| ENCHANTING +0 pair of gloves.
  4769 | D:4      | Noticed a water moccasin
  4775 | D:4      | Reached skill level 1 in Shields
  4777 | D:4      | HP: 8/35 [water moccasin (2)]
  4778 | D:4      | 4778 ||| READING scroll of teleportation.
  4855 | D:4      | HP: 6/35 [poisoned by a water moccasin]
  4857 | D:4      | HP: 1/35 [poisoned by a water moccasin]
  4857 | D:4      | Slain by a water moccasin

Levels and vault maps discovered:
D:1:      dpeg_arrival_ternary, layout_basic,
          hellmonk_ecumenical_altar_pennies_from_heaven
D:2:      layout_loops_corners, basic_altar, minmay_indecisive_spiral,
          uniq_natasha
D:3:      layout_loops_ring, marbit_many_paths, dilly_guarded_unrand_morg
D:4:      layout_basic, nicolae_overflow_squiral, minmay_manual_mail

Skill      XL: |  1  2  3  4  5  6 |
---------------+-------------------+-----
Axes           | 3 4 6 7 |  7.0
Shields        | 1 |  1.1
Fighting       | |  2.1
Throwing       | |  1.0
Armour         | |  1.1
Dodging        | |  2.1
Spellcasting   | |  2.0
Translocations | |  2.4

Action                   |  1- 3 |  4- 6 || total
-------------------------+-------+-------++-------
Melee: Hand axe          |    90 |   140 ||   230
       Kick              |    20 |    40 ||    60
       Peck              |     9 |    26 ||    35
       Punch             |       |     2 ||     2
Throw: Boomerang         |     7 |    10 ||    17
  Use: Scroll            |     1 |    10 ||    11
       Potion            |       |     3 ||     3
Armor: Leather armour    |    24 |    16 ||    40
       Scale mail        |       |     9 ||     9
Dodge: Dodged            |    66 |    94 ||   160
Block: Buckler           |       |     4 ||     4

Table legend:
 A = Non-vault XP
 B = Vault XP
 C = Vault XP percentage of total XP
 D = Non-vault monster count
 E = Vault monster count
 F = Vault count percentage of total count
                 A         B        C        D         E       F
            +---------+---------+-------+---------+---------+-------
      Total |     174 |     263 |  60.2 |      63 |      15 |  19.2
            +---------+---------+-------+---------+---------+-------
        D:1 |      37 |       0 |   0.0 |      21 |       0 |   0.0
        D:2 |      40 |      52 |  56.5 |      14 |       5 |  26.3
        D:3 |      95 |     166 |  63.6 |      27 |       8 |  22.9
        D:4 |       2 |      45 |  95.7 |       1 |       2 |  66.7
            +---------+---------+-------+---------+---------+-------
